 Dungeon Crawl Stone Soup version bcrawl-1.19 (webtiles) character file.

Game seed: 13032137960791025596

5748 Gremour the Fighter (level 10, -18/96 HPs)
             Began as a Black Draconian Monk on Nov 12, 2019.
             Was an Elder of Makhleb.
             Demolished by a two-headed ogre
             ... wielding a +0 giant spiked club
              (28 damage)
             ... on level 8 of the Dungeon.
             The game lasted 00:54:57 (9792 turns).

Gremour the Fighter (Black Draconian Monk)          Turns: 9792, Time: 00:54:58

Health: -18/96     AC: 13    Str: 13    XL:     10   Next: 49%
Magic:  0/14       EV: 17    Int: 11    God:    Makhleb [****..]
Gold:   216        SH:  9    Dex: 17    Spells: 9/9 levels left

rFire    . . .     SeeInvis .   a - +0 scimitar
rCold    . . .     Gourm    .   A - +2 buckler {AC+3}
rNeg     . . .     Faith    .   (armour unavailable)
rPois    .         Spirit   +   j - +2 hat
rElec    +         Reflect  .   i - +0 cloak
rCorr    +         Harm     .   (no gloves)
MR       .....                  (no boots)
Stlth    ++........             c - amulet of guardian spirit
HPRegen  0.26/turn              n - ring of resist corrosion
MPRegen  0.14/turn              (no ring)

@: short of breath
A: breathe lightning, unfitting armour, electricity resistance, cold-blooded, AC
+7
a: Breathe Lightning, Minor Destruction, Lesser Servant of Makhleb, Major
Destruction, Renounce Religion


You were on level 8 of the Dungeon.
You worshipped Makhleb.
Makhleb was greatly pleased with you.
You were hungry.

You visited 2 branches of the dungeon, and saw 9 of its levels.

You collected 495 gold pieces.
You spent 279 gold pieces at shops.

Inventory:

Hand Weapons
 a - a +0 scimitar (weapon)
 b - a +0 hunting sling of freezing
Missiles
 k - 525 sling bullets
 m - 131 javelins (quivered)
Armour
 i - a +0 cloak (worn)
 j - a +2 hat (worn)
 A - a +2 buckler of protection (worn)
Jewellery
 c - an amulet of guardian spirit (around neck)
 n - a ring of resist corrosion (left hand)
 p - an uncursed amulet of magic regeneration
Wands
 e - a wand of polymorph (20)
 u - a wand of disintegration (24)
 x - a wand of digging (11)
 z - a wand of random effects (2)
 B - a wand of clouds (6)
Scrolls
 g - 4 scrolls of teleportation
 h - 3 scrolls of remove curse
 o - 8 scrolls of identify
 r - 2 scrolls of blinking {unknown}
 v - a scroll of enchant weapon {unknown}
 y - a scroll of silence {unknown}
Potions
 f - a potion of brilliance {unknown}
 l - a potion of curing
 q - 2 potions of heal wounds
 t - a potion of berserk rage {unknown}
 w - 2 potions of flight {unknown}
Comestibles
 d - 20 rations {!d}
 s - 6 chunks of flesh


   Skills:
 + Level 11.5 Fighting
 + Level 10.2 Long Blades
 + Level 7.6 Dodging
 - Level 2.3 Stealth
 * Level 0.4 Shields
 * Level 5.5 Invocations


You had 9 spell levels left.
You didn't know any spells.
Your spell library contained the following spells:

 Spells                   Type           Power        Failure   Level  Hunger
 Blink Other              Tloc           #.....       50%         1    ##.....
 Blink                    Tloc           N/A          63%         2    ###....
 Portal Projectile        Tloc           #.....       86%         3    ####...
 Teleport Other           Tloc           #.......     86%         3    ####...
 Passage of Golubria      Tloc           N/A          100%        5    ######.


Dungeon Overview and Level Annotations

Branches:
Dungeon (8/12)             Temple (1/1) D:4
   Lair: D:7-9          Orc: D:8-11

Altars:
Ashenzari
Cheibriados
Dithmenos
Elyvilon
Fedhas
Gozag
Hepliaklqana
Kikubaaqudgha
Lugonu
Makhleb
Nemelex Xobeh
Okawaru
Qazlal
Ru
Sif Muna
Trog
Uskayaw
Vehumet
Wu Jian
Xom
Yredelemnul
Zin
The Shining One

Shops:
D:8 [


Innate Abilities, Weirdness & Mutations

You can breathe wild blasts of lightning.
Your glossy black scales are hard. (AC +7)
You cannot fit into any form of body armour.
You are resistant to electric shocks. (rElec)
You are cold-blooded and may be slowed by cold attacks.


Message History

The two-headed ogre is severely wounded.
The two-headed ogre hits you with a +0 giant spiked club.
The two-headed ogre hits you with a +0 giant spiked club!
You hit the two-headed ogre but do no damage.
The two-headed ogre is severely wounded.
The two-headed ogre closely misses you. The two-headed ogre misses you.
You slash the two-headed ogre!
The two-headed ogre is almost dead.
A jackal comes into view.
You slash the two-headed ogre!
The two-headed ogre is almost dead.
The two-headed ogre hits you with a +0 giant spiked club!!
* * * LOW HITPOINT WARNING * * *
You block the two-headed ogre's attack.
You hit the two-headed ogre but do no damage.
The two-headed ogre is almost dead.
The two-headed ogre hits you with a +0 giant spiked club!!
* * * LOW HITPOINT WARNING * * *
The two-headed ogre hits you with a +0 giant spiked club!!
You die...

#.#####..(.....)
###..)###.......))
##.#.............##
###...#........######
##.....##........# #.
##...............### #.
#......##..........# #.
####......##.#........##..
#......#.@###....[.....##.
#..§..###O##..#...>....#..
###....#
#S5##.###.#.......
##.#...§§.###.....# ####..
.. #......§§§.##h....#. .
# #.....#.§§.#........#
##...................
##..................
#..................


You could see a two-headed ogre, a crimson imp, an adder and a jackal.

Vanquished Creatures
  A two-headed ogre (D:7)
  A hornet (D:7)
  A hippogriff (D:4)
  A spriggan (D:7)
  Grum (D:7)
  Menkaure (D:7)
  A steam dragon (D:8)
  A hungry ghost (D:8)
  A soldier ant (D:8)
  Duvessa (D:7)
  A phantom (D:4)
  4 sky beasts
  2 ice beasts
  2 orc warriors (D:6)
  A black bear (D:7)
  8 ogres
  3 wolves (D:7)
  2 centaurs
  2 bullfrogs
  A big kobold (D:6)
  Dowan (D:7)
  A water moccasin zombie (D:4)
  A wyvern skeleton (D:6)
  3 scorpions
  3 howler monkeys
  2 bullfrog zombies
  2 crimson imps (D:4)
  A hound (D:6)
  A quasit (D:6)
  A centaur skeleton (D:6)
  2 jellies (D:7)
  15 orc wizards
  3 orc priests
  A centaur zombie (D:7)
  Terence (D:2)
  5 iguanas
  6 worker ants
  A hound zombie (D:7)
  A hound skeleton (D:5)
  3 gnolls (D:4)
  A worker ant zombie (D:5)
  4 adders
  An ooze (D:5)
  2 adder skeletons
  3 adder zombies
  2 worms
  2 dart slugs
  9 leopard geckos
  18 orcs
  5 bats (D:1)
  6 giant cockroaches
  5 goblins
  5 hobgoblins
  9 jackals
  4 quokkas
  2 ball pythons
  3 frilled lizards
  8 kobolds
  6 rats
185 creatures vanquished.

Notes
Turn   | Place    | Note
-------+----------+-------------------------------------------
     0 | D:1      | Gremour the Draconian Monk began the quest for the Orb.
     0 | D:1      | Reached XP level 1. HP: 19/19 MP: 2/2
   144 | D:1      | Reached XP level 2. HP: 25/26 MP: 3/3
   652 | D:2      | Noticed Terence
   661 | D:1      | Reached XP level 3. HP: 25/33 MP: 4/4
  1108 | D:2      | Reached skill level 4 in Fighting
  1907 | D:2      | Noticed an ogre
  2222 | D:3      | Reached XP level 4. HP: 37/41 MP: 5/5
  3326 | D:2      | Reached skill level 5 in Fighting
  3329 | D:2      | Reached XP level 5. HP: 48/48 MP: 6/6
  3448 | D:2      | Killed Terence
  3953 | D:4      | Killed an ogre
  4035 | D:4      | Reached XP level 6. HP: 37/57 MP: 5/7
  4220 | D:4      | Reached skill level 6 in Fighting
  4627 | D:4      | Reached skill level 7 in Fighting
  4627 | D:4      | Your scales start taking on a glossy black colour.
  4627 | D:4      | Reached skill level 8 in Fighting
  4627 | D:4      | Reached XP level 7. HP: 60/69 MP: 5/8
  4627 | D:4      | Gained mutation: You are resistant to electric shocks.
                  | (rElec) [Black Draconian growth]
  4756 | D:4      | Found a shattered altar of Ashenzari.
  4776 | D:4      | Reached skill level 5 in Dodging
  4782 | D:4      | Reached skill level 9 in Fighting
  4937 | D:4      | Found a staircase to the Ecumenical Temple.
  4944 | Temple   | Entered the Ecumenical Temple
  5031 | Temple   | Became a worshipper of Makhleb the Destroyer
  5031 | Temple   | Reached * piety under Makhleb
  5031 | Temple   | Reached ** piety under Makhleb
  5134 | D:4      | Found a blossoming altar of Fedhas.
  5139 | D:4      | Found a radiant altar of Vehumet.
  5141 | D:4      | Found a glowing golden altar of the Shining One.
  5296 | D:4      | Noticed a hippogriff
  5324 | D:4      | Killed a hippogriff
  5631 | D:5      | Entered Level 5 of the Dungeon
  5753 | D:5      | Reached skill level 10 in Fighting
  5753 | D:5      | Reached XP level 8. HP: 72/79 MP: 9/9
  6112 | D:5      | Found a snail-covered altar of Cheibriados.
  6112 | D:5      | Found a faded altar of an unknown god.
  6118 | D:5      | Found a shadowy altar of Dithmenos.
  6121 | D:5      | Found a faded altar of an unknown god.
  6122 | D:5      | Found a basalt altar of Yredelemnul.
  6469 | D:6      | HP: 3/79 [ogre/exploding inner flame[the player character]
                  | (23)]
  6737 | D:6      | Reached skill level 5 in Long Blades
  6971 | D:6      | Found a bloodstained altar of Trog.
  6994 | D:6      | Reached *** piety under Makhleb
  7219 | D:6      | Reached XP level 9. HP: 86/86 MP: 9/11
  7779 | D:6      | Found an ornate altar of the Wu Jian Council.
  8103 | D:7      | Found a hazy altar of Hepliaklqana.
  8122 | D:7      | Noticed Dowan
  8214 | D:7      | Noticed Duvessa
  8399 | D:7      | Noticed Menkaure
  8417 | D:7      | Killed Menkaure
  8417 | D:7      | Reached **** piety under Makhleb
  8417 | D:7      | Reached skill level 11 in Fighting
  8570 | D:7      | Killed Duvessa
  8639 | D:7      | Killed Dowan
  8815 | D:8      | Reached XP level 10. HP: 84/95 MP: 10/13
  8817 | D:8      | Noticed Grum
  9166 | D:8      | Noticed a two-headed ogre
  9185 | D:7      | Killed Grum
  9333 | D:7      | Killed a two-headed ogre
  9333 | D:7      | Reached skill level 5 in Invocations
  9503 | D:7      | Reached skill level 10 in Long Blades
  9583 | D:8      | Found Plog's Armour Emporium.
  9651 | D:8      | Bought a +2 buckler of protection for 279 gold pieces
  9719 | D:8      | Found an iron altar of Okawaru.
  9772 | D:8      | Noticed a two-headed ogre
  9792 | D:8      | Demolished by a two-headed ogre

Skill      XL: |  1  2  3  4  5  6  7  8  9 10 |
---------------+-------------------------------+-----
Dodging        | 3 4 5 6 7 |  7.6
Fighting       | 4 5 8 10 11 | 11.5
Long Blades    | 6 9 10 | 10.2
Invocations    | 3 4 5 |  5.5
Stealth        | |  2.3
Shields        | |  0.4

Action                   |  1- 3 |  4- 6 |  7- 9 | 10-12 || total
-------------------------+-------+-------+-------+-------++-------
Melee: Falchion          |   198 |   172 |   308 |       ||   678
       Tailslap          |    29 |    17 |    65 |    17 ||   128
       Scimitar          |       |       |   136 |   110 ||   246
       Unarmed           |       |       |     1 |       ||     1
 Fire: Hunting sling     |       |    12 |    16 |       ||    28
Throw: Javelin           |       |       |     3 |       ||     3
Invok: Minor Destruction |       |       |    33 |     4 ||    37
 Abil: Breathe Lightning |       |       |    18 |     5 ||    23
Evoke: Wand              |       |       |     1 |       ||     1
  Use: Potion            |       |     4 |     4 |       ||     8
       Scroll            |       |     3 |     6 |       ||     9
 Stab: Sleeping          |     3 |       |     4 |       ||     7
       Distracted        |       |     1 |       |       ||     1
  Eat: Chunk             |     4 |     8 |    10 |     4 ||    26
       Ration            |       |       |     2 |       ||     2
Armor: Skin              |    52 |    38 |   110 |    27 ||   227
Dodge: Dodged            |   127 |   124 |   305 |   116 ||   672
Block: Other             |     2 |     2 |    17 |    23 ||    44
       Buckler           |       |       |       |    13 ||    13
